Role, chaotic female vampiric Wizard ---- --..-- --- |....| ---- --.-- ---...-- ---- --..| ---- --...| |...--- --..| ---|...| --..| |....| --- |.--- --- |...| ---.--...--- |...---.|.--- --.-- |.| |..-- |..-- |..........| |.......|...| |...| |.| |...-----..--- ---......>...| |.---------*------ ---.-- ---%| |....-|......| |.....---...-- |.| |...--.------...| |...| ---..%|.-..-.--- --.<...| ----- |.| ---...........--- -----...-- ---..)...%[%..| |......| ---@| ---|....-----..--- |..|.....--- |.........---.-----...--- ---- |..I--- - ...|------ |....| --..........|---....|....--|..)| |...| ---..| |.*...| .....---- |....| |...........--....----...)----%--|.--- ---....----..............-- |....| --........^.......| |......||...|.-- |.........................| --.--- |.......--.....--- --.....|---.|..----...|.------....--- ......| --- --.....----.....--- |...--- |...........|-- ...-- ....| ---..............| |...| |^..--------- ....| --- ---------.|..|.| |..-- |.--- -.--- -------- ---- --- --- Role the Thaumaturge Experience level: 6 Strength: 6 Dexterity: 8 Constitution: 16 Intelligence: 6 Wisdom: 6 Charisma: 12 Health: 0(61) Energy: 65(65) AC: 6 Gold: 187 Moves: 1577 Your Inventory: Coins $ - 187 gold pieces Weapons a - a blessed +2 quarterstaff (weapon in hands) Armor b - an uncursed +0 cloak of magic resistance (being worn) n - an [uncursed] +0 pair of old gloves [leather] (being worn) q - a cursed +0 conical hat [dunce cap] (being worn) A - an [uncursed] +0 pair of hard shoes [iron] (being worn) Scrolls j - an uncursed scroll of confuse monster Spellbooks l - a blessed spellbook of force bolt m - an uncursed spellbook of detect monsters p - an [uncursed] spellbook of clairvoyance r - an [uncursed] spellbook of detect monsters Potions f - an uncursed potion of speed g - an uncursed potion of booze h - an uncursed potion of oil Rings d - an uncursed ring of warning (on right hand) e - an uncursed ring of searching (on left hand) Wands c - an uncursed wand of undead turning (0:5) t - an [uncursed] hexagonal wand [of opening (0:5)] x - an [uncursed] wand of light [0:10] y - an [uncursed] wand of light [0:13] Tools u - an [uncursed] lock pick v - 2 [uncursed tallow] candles w - an [uncursed] tin whistle Gems C - an uncursed chrysoberyl stone Spells known in the end: Name Level Category Fail Memory a - force bolt 1 attack 43% [||||||||] b - detect monsters 1 divination 43% [||||||||] c - clairvoyance 3 divination 100% [||||||||] Your skills at the end: Fighting Skills Weapon Skills quarterstaff [Basic / Expert] Spellcasting Skills attack spells [Basic / Expert] enchantment spells [Basic / Skilled] Final Attributes: You were devoutly aligned. Hunger level was -59. Your alignment was 16 / 17. Monster difficulty range was 0 - 5. Level difficulty was 4. You were immune to level-drain. You were magic-protected. You were blinded. You were warned. You had automatic searching. You could fly. You could survive without air. You regenerated. Your luck was zero. You are dead. Vanquished creatures: a yellow light a shrieker a gnome lord a floating eye 2 dwarves a homunculus an orc zombie 3 coyotes 2 hobbits a cave spider a brown mold 16 gnomes 2 garter snakes 2 geckos 4 kobolds 2 bats 5 lichens 2 newts 48 creatures vanquished. Voluntary challenges: You used a wielded weapon 33 times. You read items or engraved 5 times. You put on armor 4 times. You never genocided any monsters. You never polymorphed an object. You never changed form. You used no wishes. You never wrote Elbereth's name. You never encountered a bones level. You never used any Sokoban shortcuts. Dungeon overview: The Dungeons of Doom: levels 1 to 3 Level 1 a long staircase Level 3 an armor shop stairs to The Gnomish Mines The Gnomish Mines: Level 4 <- You were here stairs to The Dungeons of Doom History has recorded: On T:1 you entered the Dungeons of Doom to retrieve the Amulet of Yendor! On T:294 you advanced to experience level 2. On T:374 you reached level 2 of The Dungeons of Doom. On T:493 you advanced to experience level 3. On T:640 you advanced to experience level 4. On T:700 you reached level 3 of The Dungeons of Doom. On T:1150 you advanced to experience level 5. On T:1209 you reached level 1 of The Gnomish Mines. On T:1280 you advanced to experience level 6. Latest messages: The rabid rat bites! [HP-7=34] The rabid rat bites! [HP-4=30] The rabid rat bites! [HP-4=26] The rabid rat bites! [HP-6=20] The yellow light explodes! You are blinded by a blast of light! It bites! [HP-5=15] It bites! [HP-2=13] It bites! [HP-5=8] It bites! [HP-1=7] It bites! [HP-5=2] It bites! You die... Final status: Goodbye Role the Wizard... You died in The Gnomish Mines on dungeon level 4 with 1157 points, and 187 pieces of gold, after 1577 moves. You were level 6 with a maximum of 61 hit points when you died.